 Dungeon Crawl Stone Soup version 0.27-a0-1525-g1038ab4fd7 (webtiles) character file.

Game seed: 10582362369942248276

53 lunkers the Skirmisher (level 3, -1/39 HPs)
             Began as an Ogre Warper on July 10, 2021.
             Killed from afar by an orc wizard (10 damage)
             ... with a puff of flame
             ... on level 2 of the Dungeon on July 12, 2021.
             The game lasted 00:03:02 (1986 turns).

lunkers the Skirmisher (Ogre Warper)                Turns: 1986, Time: 00:03:02

Health: -1/39      AC:  3    Str: 15    XL:     3   Next: 89%
Magic:  6/6        EV: 10    Int: 14    God:
Gold:   53         SH:  0    Dex:  9    Spells: 6/6 levels left

rFire    . . .     SeeInvis .   a - +0 mace
rCold    . . .     Faith    .   (no shield)
rNeg     . . .     Spirit   .   b - +0 robe
rPois    .         Reflect  .   (helmet restricted)
rElec    .         Harm     .   (no cloak)
rCorr    .         Rampage  .   (gloves unavailable)
Will     .....                  (boots unavailable)
Stlth    +.........             (no amulet)
HPRegen  0.13/turn              (no ring)
MPRegen  0.10/turn              (no ring)

@: confused
A: large, unfitting armour, tough skin 1
a: no special abilities


You were on level 2 of the Dungeon.
You visited 1 branch of the dungeon, and saw 2 of its levels.

You collected 53 gold pieces.

Inventory:

Hand Weapons
 a - a +0 mace (weapon)
Missiles
 d - 5 boomerangs of dispersal
Armour
 b - a +0 robe (worn)
Scrolls
 f - a scroll of fear {unknown}
 h - 2 scrolls of immolation {unknown}
Potions
 e - 2 potions of invisibility {unknown}
 g - a potion of curing {unknown}
 i - 2 potions of lignification {unknown}
 j - a potion of flight {unknown}


   Skills:
 + Level 3.7 Fighting
 * Level 3.2 Maces & Flails
 - Level 1.0 Throwing
 - Level 2.1 Dodging
 - Level 2.4 Spellcasting
 - Level 2.6 Translocations


You had 6 spell levels left.
You didn't know any spells.
Your spell library contained the following spells:

 Spells                   Type           Power      Damage    Failure   Level
 Blink                    Tloc           N/A        N/A       12%         2
 Gell's Gravitas          Tloc           4%         N/A       22%         3
 Lesser Beckoning         Tloc           4%         N/A       22%         3
 Teleport Other           Tloc           9%         N/A       22%         3
 Manifold Assault         Tloc           9%         N/A       91%         5


Dungeon Overview and Level Annotations

Branches:
Dungeon (2/15)

Altars:


Innate Abilities, Weirdness & Mutations

You are too large for most types of armour.
You have tough skin. (AC +1)


Message History

A puff of flame appears from out of thin air!
The puff of flame hits you!
* * * LOW HITPOINT WARNING * * *
You miss something.
You feel less confused.
You hear some strange, mumbled words.
You are confused.
You hear some strange, mumbled words.
You bump into the rock wall.
Something hits you.
* * * LOW HITPOINT WARNING * * *
You're too confused to move!
Something hits you.
* * * LOW HITPOINT WARNING * * *
You bump into the rock wall.
Something hits you but does no damage.
You miss something. Something hits you.
* * * LOW HITPOINT WARNING * * *
You hit something.
You feel less confused. Something hits you.
* * * LOW HITPOINT WARNING * * *
You barely miss something. Something hits you but does no damage.
Something hits you.
* * * LOW HITPOINT WARNING * * *
You hit something. Something hits you.
* * * LOW HITPOINT WARNING * * *
Okay, then.
Blink to where?
Press: ? - help, Dir - move target
As you read the scroll of blinking, it crumbles to dust.
A kobold comes into view. It is wielding a +0 short sword.
The kobold shouts!
The kobold throws a stone.
The stone closely misses you.
The kobold throws a stone.
The stone hits you but does no damage.
The kobold throws a stone.
The stone hits you.
* * * LOW HITPOINT WARNING * * *
The orc wizard casts a spell at you.
You are confused.
You bump into the rock wall.
The orc wizard gestures at you while chanting.
The puff of flame hits you!
You die...

.....##...........##'######......
..)...†.....##....##.##...#......
#'#...............##'##...#......
.....>............#............##
..............#####..............
..............#####..........####
........#.........+..............
.#...####........##.............$
.....####.#####.@........#.......
#....#... #8.8#..........#.......
#......8###...###8.....K.#.......
#......'..._...'.........K......
##.....8###...###8..............
..........#8.8#.......##........
..........#####......o...########
.........................# ##...
...................###...# #....


You could see an orc wizard and a kobold.

Vanquished Creatures
  A worm (D:2)
  2 dart slugs
  5 ball pythons (D:1)
  6 endoplasms
  2 giant cockroaches
  4 goblins
  5 hobgoblins
  4 kobolds
  A quokka (D:1)
  6 bats
  3 frilled lizards (D:1)
  3 rats (D:1)
42 creatures vanquished.

Notes
Turn   | Place    | Note
-------+----------+-------------------------------------------
     0 | D:1      | lunkers the Ogre Warper began the quest for the Orb.
     0 | D:1      | Reached XP level 1. HP: 22/22 MP: 3/3
   121 | D:1      | Reached XP level 2. HP: 31/31 MP: 5/5
   285 | D:1      | You fall into a shaft and drop 1 floor!
   585 | D:1      | Reached XP level 3. HP: 34/37 MP: 6/6
  1692 | D:2      | Found a faded altar of an unknown god.
  1986 | D:2      | Killed from afar by an orc wizard

Illustrated notes

Levels and vault maps discovered:
D:1:      dpeg_arrival_boxorama, layout_loops_ring, hex_medium
D:2:      layout_basic, dreamdust_ecumenical_altar_angels_and_demons

Skill      XL: |  1  2  3 |
---------------+----------+-----
Maces & Flails | 2 3 |  3.2
Fighting       | 3 |  3.7
Throwing       | |  1.0
Dodging        | |  2.1
Spellcasting   | |  2.4
Translocations | |  2.6

Action                   || total
-------------------------++-------
Melee: Mace              ||   135
  Use: Scroll            ||     1
 Stab: Sleeping          ||     2
Armor: Robe              ||    50
Dodge: Dodged            ||    58

Table legend: (Time is in decaauts)
 A = Elapsed time spent in this place.
 B = Non-inter-level travel time spent in this place.
 C = Inter-level travel time spent in this place.
 D = Time resting spent in this place.
 E = Time spent auto-exploring this place.
 F = Levels seen in this place.
 G = Mean time per level.
                   A        B        C        D        E       F      G
               +--------+--------+--------+--------+--------+-----+--------+
         Total |   2022 |   2003 |     19 |      0 |   1579 |   2 | 1011.0 |
       Dungeon |   2022 |   2003 |     19 |      0 |   1579 |   2 | 1011.0 |
               +--------+--------+--------+--------+--------+-----+--------+

Top non-repeatable levels by time:
     D:1: 1370 daAuts
     D:2: 651 daAuts
